 Dungeon Sprint DCSS version 0.32-a0-571-gec57dfcd37 (webtiles) character file.

Game seed: 6397452207558305501

6850 rocky1 the Severer (level 10, -1/95 HPs)
             Began as a Mountain Dwarf Fighter on Mar 1, 2024.
             Was an Initiate of Gozag.
             Slain by a spriggan rider
             ... wielding a +0 spear
              (8 damage)
             ... in the Dungeon (Sprint VII: "The Pits").
             The game lasted 00:06:29 (3077 turns).

rocky1 the Severer (Mountain Dwarf Fighter)         Turns: 3077, Time: 00:06:30

Health: -1/95      AC: 19    Str: 26    XL:     10   Next: 78%
Magic:  18/19      EV:  9    Int: 11    God:    Gozag
Gold:   1840       SH:  6    Dex:  9    Spells: 21/21 levels left

rFire   + . .        s - +1 broad axe of Qautz {pain, *Corrode Will+ Int+2}
rCold   . . .        c - +0 buckler
rNeg    + . .        t - +3 plate armour
rPois   .            (no helmet)
rElec   .            (no cloak)
rCorr   .            u - +0 pair of gloves
SInv    .            (no boots)
Will    ++...        b - amulet "Ubeasas" {Acrobat rN+} Stlth
                     f - ring of protection from fire
HPRegen 0.35/turn    d - +3 ring of strength
MPRegen 0.16/turn

%: no teleportation, corrode self (3%), acrobat
@: gold aura, on berserk cooldown, slowed, very slow
A: runic magic, artefact enchanting
a: Renounce Religion, Potion Petition, Call Merchant, Bribe Branch


You were in the Dungeon.
You worshipped Gozag.
Gozag was most pleased with you.
You visited 1 branch You collected 3798 gold pieces.
You spent 1368 gold pieces at shops.
You paid 590 gold pieces to Gozag.

Inventory:

Hand Weapons
 a - a +2 antimagic morningstar
 s - the +1 broad axe of Qautz (weapon) {pain, *Corrode Will+ Int+2}
   (You found it in the Dungeon)

   Int+2:     It affects your intelligence (+2).
   Will+:     It increases your willpower.
   *Corrode:  It may corrode you when you take damage.
Armour
 c - a +0 buckler (worn)
 t - a +3 plate armour (worn)
 u - a +0 pair of gloves (worn)
Jewellery
 b - the amulet "Ubeasas" (around neck) {Acrobat rN+}
   (You bought it in a shop in the Dungeon)

   [amulet of the acrobat]

   Acrobat:   It increases your evasion while moving and waiting.
   rN+:       It protects you from negative energy.
 d - a +3 ring of strength (right hand)
 f - a ring of protection from fire (left hand)
 i - a +3 ring of protection
 v - a ring of protection from cold
Scrolls
 l - 2 scrolls of vulnerability
 m - 5 scrolls of amnesia
Potions
 e - 6 potions of curing
 g - a potion of haste
 h - 4 potions of magic
 k - 2 potions of invisibility
 o - 11 potions of heal wounds
 q - 2 potions of mutation
 r - a potion of brilliance


   Skills:
 + Level 11.1 Fighting
 - Level 18.0 Axes
 + Level 10.9 Armour
 + Level 7.2 Dodging
 + Level 10.9 Shields
 + Level 6.0 Spellcasting
 + Level 8.0 Necromancy


You had 21 spell levels left.
You didn't know any spells.
Your spell library was empty.

Dungeon Overview and Level Annotations

Branches:
Dungeon (1/1)

Altars:
Ashenzari
Cheibriados
Dithmenos
Elyvilon
Fedhas
Gozag
Hepliaklqana
Kikubaaqudgha
Makhleb
Nemelex Xobeh
Okawaru
Qazlal
Ru
Sif Muna
Trog
Uskayaw
Vehumet
Wu Jian
Xom
Yredelemnul
Zin
The Shining One
Beogh
Jiyva
Lugonu

Shops:
D =


Innate Abilities, Weirdness & Mutations

Your spellcasting is much less encumbered by armour.
You can use scrolls of enchantment on lesser artefacts.


Message History

You hit the orange demon.
The orange demon is lightly wounded.
A bullfrog comes into view.
You completely miss the orange demon.
The orange demon is lightly wounded.
The orange demon stings you.
* * * LOW HITPOINT WARNING * * *
The orange demon hits you but does no damage.
You hit the orange demon.
The orange demon is lightly wounded.
You slice the orange demon!!
The orange demon is severely wounded.
The spriggan rider is no longer distracted by gold.
The spriggan rider barely misses you.
The orange demon stings you but does no damage.
The orange demon hits you.
* * * LOW HITPOINT WARNING * * *
You slash the orange demon!
The orange demon is severely wounded.
You slice the orange demon!!
You kill the orange demon!
You are no longer berserk.
You are exhausted.
You feel yourself slow down.
The spriggan rider hits you from afar with a +0 spear!!
* * * LOW HITPOINT WARNING * * *
Your Fighting skill increases to level 11!
Your Spellcasting skill increases to level 6!
Your Necromancy skill increases to level 8!
Unknown command.
Blink to where?
Press: ? - help, Dir - move target
As you read the scroll of blinking, it crumbles to dust.
As you read the scroll of summoning, it crumbles to dust.
Wisps of shadow whirl around you...
The shadows disperse without effect.
The bullfrog is distracted by your dazzling golden aura.
You open the door.
The spriggan rider hits you from afar with a +0 spear!
You die...
Your body crumbles into a pile of gold.

................+
................+
......#..#......#
................#
###'#####''######
.......##''##############
.......##......#..i'$B..#
.......##....###..F###...#
...<...##.∩.##.'@..'.##.....
.......##..##..##'##..##B..#
.......##..#..##...##..+ ..#
.......##..#..#.....#..# .#
#########..)..'.....+..+ +
#########)[#..#.....#..#
..#..[.##..#..##...##..+
..#..[[##..##..##'##..##
..'..))##...##.+...+.##


You could see a boulder beetle, a spriggan rider and a bullfrog (unaware).

Vanquished Creatures
  A storm dragon (D)
  An alligator (D)
  A sea snake (D)
  A deep elf pyromancer (D)
  An orange demon (D)
  An elephant (D)
  A rime drake (D)
  A hornet (D)
  11 dream sheep (D)
  A ynoxinul (D)
  A wyvern (D)
  A steam dragon (D)
  A black bear (D)
  A sky beast (D)
  A small abomination (D)
  2 centaurs (D)
  A weeping skull (D)
  Blork the orc (D)
  2 bullfrogs (D)
  A scorpion (D)
  A quasit (D)
  2 orc priests (D)
  2 orc wizards (D)
  2 river rats (D)
  An ufetubus (D)
  2 adder skeletons (D)
  An adder zombie (D)
  A ribbon worm (D)
  3 orcs (D)
  A ball python (D)
  3 jackals (D)
  A quokka (D)
  A ball python skeleton (D)
  A frilled lizard (D)
  3 rats (D)
57 creatures vanquished.

Notes
Turn   | Place    | Note
-------+----------+-------------------------------------------
     0 | D        | rocky1 the Mountain Dwarf Fighter began the quest for the
                  | Orb.
     0 | D        | Reached XP level 1. HP: 19/19 MP: 1/1
    36 | D        | Found a bloodstained altar of Trog.
    36 | D        | Found a shimmering blue altar of Sif Muna.
    36 | D        | Found a viscous altar of Jiyva.
    36 | D        | Found a hazy altar of Hepliaklqana.
    36 | D        | Found an opulent altar of Gozag.
    37 | D        | Found a glowing golden altar of the Shining One.
    37 | D        | Found a glowing silver altar of Zin.
    37 | D        | Found a basalt altar of Yredelemnul.
    37 | D        | Found a shimmering altar of Xom.
    37 | D        | Found an ornate altar of the Wu Jian Council.
    37 | D        | Found a sacrificial altar of Ru.
    37 | D        | Found a stormy altar of Qazlal.
    37 | D        | Found an iron altar of Okawaru.
    37 | D        | Found a sparkling altar of Nemelex Xobeh.
    37 | D        | Found a burning altar of Makhleb.
    37 | D        | Found a blossoming altar of Fedhas.
    37 | D        | Found a white marble altar of Elyvilon.
    37 | D        | Found a shadowy altar of Dithmenos.
    37 | D        | Found a snail-covered altar of Cheibriados.
    41 | D        | Found a roughly hewn altar of Beogh.
    41 | D        | Found a corrupted altar of Lugonu.
    41 | D        | Found a radiant altar of Vehumet.
    42 | D        | Found a broken altar of Ashenzari.
    42 | D        | Found an ancient bone altar of Kikubaaqudgha.
    42 | D        | Found a hide-covered altar of Uskayaw.
    44 | D        | Became a worshipper of Gozag Ym Sagoz the Greedy
    81 | D        | Reached skill level 4 in Axes
   126 | D        | Reached skill level 6 in Axes
   126 | D        | Reached XP level 2. HP: 12/26 MP: 2/2
   415 | D        | Noticed a scorpion
   431 | D        | Reached skill level 7 in Axes
   431 | D        | Reached XP level 3. HP: 31/31 MP: 3/3
   441 | D        | Killed a scorpion
   442 | D        | Reached skill level 10 in Axes
   442 | D        | Reached XP level 4. HP: 38/38 MP: 4/4
   539 | D        | Noticed a bullfrog
   552 | D        | Killed a bullfrog
   553 | D        | Reached skill level 12 in Axes
   553 | D        | Reached XP level 5. HP: 37/45 MP: 5/5
   589 | D        | Noticed a centaur
   589 | D        | Noticed Blork the orc
   599 | D        | Killed a centaur
   600 | D        | Reached skill level 14 in Axes
   603 | D        | Killed Blork the orc
   604 | D        | Reached skill level 15 in Axes
   604 | D        | Reached XP level 6. HP: 23/51 MP: 6/6
   735 | D        | Noticed a sky beast
   745 | D        | Killed a sky beast
   746 | D        | Reached skill level 1 in Dodging
   849 | D        | Noticed a ynoxinul
   861 | D        | Killed a ynoxinul
   862 | D        | Reached skill level 5 in Fighting
   862 | D        | Reached skill level 5 in Armour
   862 | D        | Reached skill level 5 in Shields
   862 | D        | Reached XP level 7. HP: 36/61 MP: 7/7
   887 | D        | Noticed a steam dragon
   887 | D        | Noticed a deep elf pyromancer
   900 | D        | Noticed a fire elemental
   906 | D        | Noticed a fire elemental
   906 | D        | Noticed a fire elemental
   907 | D        | Killed a steam dragon
   908 | D        | Reached skill level 16 in Axes
   912 | D        | Killed a deep elf pyromancer
   913 | D        | Reached XP level 8. HP: 49/73 MP: 8/8
  1065 | D        | Got the +1 broad axe of Qautz {pain, *Corrode Will+ Int+2}
  1250 | D        | Noticed an alligator
  1275 | D        | Killed an alligator
  1665 | D        | Noticed a rime drake
  1673 | D        | Killed a rime drake
  1674 | D        | Reached skill level 17 in Axes
  1674 | D        | Reached skill level 5 in Dodging
  1674 | D        | Reached XP level 9. HP: 71/82 MP: 11/13
  1945 | D        | Reached skill level 5 in Necromancy
  2159 | D        | Bought the amulet "Ubeasas" {Acrobat rN+} for 618 gold
                  | pieces
  2159 | D        | Bought a ring of protection from fire for 375 gold pieces
  2159 | D        | Bought a ring of protection from cold for 375 gold pieces
  2531 | D        | Reached XP level 10. HP: 71/92 MP: 16/16
  2537 | D        | Reached skill level 10 in Fighting
  2543 | D        | Reached skill level 10 in Shields
  2543 | D        | Reached skill level 5 in Spellcasting
  2648 | D        | Noticed an elephant
  2650 | D        | Noticed a sea snake
  2656 | D        | Killed an elephant
  2657 | D        | Reached skill level 18 in Axes
  2657 | D        | Reached skill level 10 in Armour
  2662 | D        | Killed a sea snake
  3051 | D        | Noticed a storm dragon
  3052 | D        | Noticed a spriggan rider
  3053 | D        | Noticed a boulder beetle
  3053 | D        | Noticed an orange demon
  3066 | D        | Killed a storm dragon
  3074 | D        | Killed an orange demon
  3077 | D        | Slain by a spriggan rider

Illustrated notes

Levels and vault maps discovered:
D:        pitsprint [storerooms_1, entrance_room_1, metal_vault_6, armoury_2,
          mini_pit_1, grid_room_1, main_hall_1, silver_pit, the_coven_2,
          the_vestibule_1, steel_vault_1, golden_pit, hallway_of_sentries,
          crystal_vault_3, iron_vault_4, final_vault]

Skill      XL: |  1  2  3  4  5  6  7  8  9 10 |
---------------+-------------------------------+-----
Axes           | 6 7 10 12 15 16 17 18 | 18.0
Fighting       | 5 7 8 9 11 | 11.1
Armour         | 5 7 8 9 10 | 10.9
Dodging        | 2 4 5 6 7 |  7.2
Shields        | 5 7 8 9 10 | 10.9
Spellcasting   | 2 4 6 |  6.0
Necromancy     | 3 6 8 |  8.0

Action                     |  1- 3 |  4- 6 |  7- 9 | 10-12 || total
---------------------------+-------+-------+-------+-------++-------
  Melee: War axe           |    43 |    56 |    33 |       ||   132
         Broad axe         |       |       |    65 |    47 ||   112
 Invoke: Call Merchant     |       |       |     1 |       ||     1
    Use: Potion            |     2 |     2 |     3 |     1 ||     8
         Scroll            |       |       |       |     2 ||     2
   Stab: Distracted        |       |       |     1 |       ||     1
 Armour: Scale mail        |    40 |     9 |       |       ||    49
         Plate armour      |       |    47 |    93 |    35 ||   175
  Dodge: Dodged            |     9 |    14 |    35 |    13 ||    71
  Block: Buckler           |    10 |    13 |    14 |    11 ||    48

Table legend: (Time is in decaauts)
 A = Elapsed time spent in this place.
 B = Non-inter-level travel time spent in this place.
 C = Inter-level travel time spent in this place.
 D = Time resting spent in this place.
 E = Time spent auto-exploring this place.
 F = Levels seen in this place.
 G = Mean time per level.
                   A        B        C        D        E       F      G
               +--------+--------+--------+--------+--------+-----+--------+
         Total |   3057 |   2869 |    188 |   2201 |      0 |   1 | 3057.0 |
       Dungeon |   3057 |   2869 |    188 |   2201 |      0 |   1 | 3057.0 |
               +--------+--------+--------+--------+--------+-----+--------+

Top non-repeatable levels by time:
       D: 3057 daAuts
